 Dungeon Crawl Stone Soup version 0.26-a0-43-g20b394cb32 (webtiles) character file.

Game seed: 7874857462778360430

339 Essalna the Chiller (level 6, 0/35 HPs)
             Began as a Gargoyle Ice Elementalist on June 2, 2020.
             Slain by an elf zombie (3 damage)
             ... in an ossuary.
             The game lasted 00:09:48 (3560 turns).

Essalna the Chiller (Gargoyle Ice Elementalist)     Turns: 3560, Time: 00:09:49

Health: 0/35       AC:  9    Str: 12    XL:     6   Next: 55%
Magic:  1/11       EV: 12    Int: 17    God:
Gold:   220        SH:  0    Dex: 10    Spells: 8/12 levels left

rFire    . . .     SeeInvis .   j - +3 dagger (venom)
rCold    . . .     Gourm    .   (no shield)
rNeg     + . .     Faith    .   a - +0 robe
rPois    ∞         Spirit   .   l - +1 helmet
rElec    +         Reflect  .   (no cloak)
rCorr    .         Harm     .   (no gloves)
MR       .....                  v - +0 pair of boots
Stlth    ++........             (no amulet)
HPRegen  0.11/turn              (no ring)
MPRegen  0.12/turn              (no ring)

@: frozen ramparts
A: negative energy resistance 1, electricity resistance, unbreathing,
petrification resistance, rot immunity, AC +4
a: no special abilities


You were in an ossuary.
You were very hungry.

You visited 1 branch of the dungeon, and saw 4 of its levels.
You also visited: Ossuary.

You collected 220 gold pieces.

Inventory:

Hand Weapons
 e - a +0 short sword
 j - a +3 dagger of venom (weapon)
Missiles
 b - 26 poisoned darts (quivered)
Armour
 a - a +0 robe (worn)
 l - a +1 helmet (worn)
 v - a +0 pair of boots (worn)
Wands
 n - a wand of iceblast (8)
 p - a wand of enslavement (8)
Scrolls
 g - a scroll of enchant weapon
 i - 3 scrolls of remove curse
 q - a scroll of identify
 s - a scroll of amnesia
 t - a scroll of teleportation
Potions
 d - a potion of degeneration
 m - a potion of brilliance
Comestibles
 c - 10 rations


   Skills:
 + Level 2.2 Fighting
 + Level 2.2 Armour
 + Level 2.4 Dodging
 - Level 2.1 Stealth
 + Level 3.7 Spellcasting
 + Level 5.3 Ice Magic


You had 8 spell levels left.
You knew the following spells:

 Your Spells              Type           Power        Failure   Level  Hunger
a - Freeze                Ice            ###.         1%          1    None
b - Frozen Ramparts       Ice            ###...       5%          3    ###....

Your spell library contained the following spells:

 Spells                   Type           Power        Failure   Level  Hunger
 Ozocubu's Armour         Chrm/Ice       ##......     16%         3    ###....
 Confusing Touch          Hex            #.......     43%         3    ###....
 Gell's Gravitas          Tloc           #.........   43%         3    ###....
 Hailstorm                Conj/Ice       ##......     47%         4    ####...
 Summon Ice Beast         Ice/Summ       ##......     47%         4    ####...
 Metabolic Englaciation   Hex/Ice        ##........   83%         5    ######.
 Petrify                  Tmut/Erth      #.......     85%         4    ####...
 Yara's Violent Unravell  Hex/Tmut       #.........   99%         5    ######.


Dungeon Overview and Level Annotations

Branches:
Dungeon (4/15)            Ossuary (1/1)
 Temple: D:4-7

Altars:
Fedhas

Annotations:
D:3 1 runed translucent door, Caphalor's ghost, weakling DEWz


Innate Abilities, Weirdness & Mutations

You are resistant to torment.
Your stone body is resilient. (AC +4)
You are immune to poison.
You resist negative energy. (rN+)
You are resistant to electric shocks. (rElec)
You can survive without breathing.
You are immune to petrification.
You are immune to rotting.


Message History

The elf zombie resists.
The wall freezes the elf zombie.
The elf zombie hits you but does no damage.
You closely miss the elf zombie.
The elf zombie is severely damaged.
The elf zombie completely resists.
The wall freezes the elf zombie but do no damage.
The elf zombie closely misses you.
You hit the elf zombie.
The elf zombie is severely damaged.
You hit the elf zombie.
The elf zombie is severely damaged.
The elf zombie completely resists.
The wall freezes the elf zombie but do no damage.
The elf zombie hits you.
* * * LOW HITPOINT WARNING * * *
You hit the elf zombie.
The elf zombie is severely damaged.
The elf zombie resists.
The wall freezes the elf zombie.
The elf zombie hits you.
You die...

######################
#....................#
#....................#
#........8..8........#
#....................#
#...######..######...#
#...# #.Z# #...# #...#
#@^# #...# #...# #^^#
#...# #...# .....
#Z..# #...# ....###
#...# #..Z# .....#
#Z..# #...# ......#


#ZZZ# #...#.....∩.# #..Z# #...####+.... #.Z.# #...# #Z..# You could see an elf
zombie.

Vanquished Creatures
  A centaur zombie (Ossuary)
  3 orc priests (D:4)
  An orc wizard (D:4)
  A big kobold zombie (Ossuary)
  2 mummies (Ossuary)
  3 gnolls (D:4)
  2 adders
  3 oozes
  An adder skeleton (D:3)
  3 worms (D:3)
  A dart slug (D:3)
  A leopard gecko (D:2)
  2 orcs (D:4)
  A ball python (D:3)
  5 bats
  3 giant cockroaches
  7 hobgoblins
  3 jackals (D:2)
  A quokka (D:4)
  5 frilled lizards
  A goblin (D:3)
  A goblin zombie (Ossuary)
  4 hobgoblin zombies (Ossuary)
  11 kobolds
  6 kobold zombies (Ossuary)
  10 orc zombies (Ossuary)
  9 rats
91 creatures vanquished.

Notes
Turn   | Place    | Note
-------+----------+-------------------------------------------
     0 | D:1      | Essalna the Gargoyle Ice Elementalist began the quest for
                  | the Orb.
     0 | D:1      | Reached XP level 1. HP: 10/10 MP: 3/3
   249 | D:1      | Reached XP level 2. HP: 15/15 MP: 3/5
  1072 | D:2      | Reached XP level 3. HP: 15/19 MP: 4/6
  1848 | D:3      | Reached XP level 4. HP: 24/24 MP: 1/8
  1914 | D:3      | Learned a level 3 spell: Frozen Ramparts
  2018 | D:3      | Found a runed translucent door.
  2018 | D:3      | Noticed Caphalor's ghost (weakling DEWz)
  2474 | D:3      | Found a blossoming altar of Fedhas.
  2665 | D:4      | Reached skill level 1 in Fighting
  2665 | D:4      | Reached skill level 1 in Armour
  2665 | D:4      | Reached skill level 5 in Ice Magic
  2665 | D:4      | Reached XP level 5. HP: 2/29 MP: 3/9
  3085 | D:4      | Reached XP level 6. HP: 35/35 MP: 7/11
  3241 | D:4      | Found a sand-covered staircase.
  3245 | Ossuary  | Entered an ossuary
  3560 | Ossuary  | Slain by an elf zombie

Illustrated notes

Levels and vault maps discovered:
D:1:      mrwooster_arrival_arrow, layout_basic
D:2:      layout_basic
D:3:      layout_basic, fedhas_altar_fruit_tree, first_ration,
          ebering_ghost_reflecting_pool
D:4:      layout_basic, enter_ossuary_5
Ossuary:  ossuary_tomb_1

Skill      XL: |  1  2  3  4  5  6 |
---------------+-------------------+-----
Spellcasting   | 3 |  3.7
Fighting       | 1 2 |  2.2
Armour         | 1 2 |  2.2
Ice Magic      | 5 |  5.3
Dodging        | 2 |  2.4
Stealth        | |  2.1

Action                   |  1- 3 |  4- 6 || total
-------------------------+-------+-------++-------
Melee: Unarmed           |     2 |       ||     2
       Dagger            |    55 |   209 ||   264
       Short sword       |    12 |       ||    12
 Cast: Freeze            |    28 |    11 ||    39
       Frozen Ramparts   |       |    16 ||    16
  Use: Scroll            |       |    11 ||    11
       Potion            |       |     4 ||     4
 Stab: Sleeping          |     6 |     3 ||     9
       Invisible         |       |     3 ||     3
       Distracted        |       |     1 ||     1
  Eat: Chunk             |     3 |     6 ||     9
Armor: Robe              |    36 |    69 ||   105
       Skin              |       |   101 ||   101
Dodge: Dodged            |    53 |   119 ||   172

Table legend:
 A = Non-vault XP
 B = Vault XP
 C = Vault XP percentage of total XP
 D = Non-vault monster count
 E = Vault monster count
 F = Vault count percentage of total count
                 A         B        C        D         E       F
            +---------+---------+-------+---------+---------+-------
      Total |     356 |     129 |  26.6 |      66 |      25 |  27.5
            +---------+---------+-------+---------+---------+-------
        D:1 |      26 |       0 |   0.0 |      17 |       0 |   0.0
        D:2 |      41 |       0 |   0.0 |      15 |       0 |   0.0
        D:3 |      75 |       0 |   0.0 |      24 |       0 |   0.0
        D:4 |     214 |       0 |   0.0 |      10 |       0 |   0.0
    Ossuary |       0 |     129 | 100.0 |       0 |      25 | 100.0
            +---------+---------+-------+---------+---------+-------
